Map: Dusty Gorge

Players

DukeDuck - Winner!

  • Race: Terran Terran
  • Spawn Location: 3:00

Shiro - Winner!

  • Race: Protoss Protoss
  • Spawn Location: 5:00

VOD

Have the link to the VOD?

Description

Time

  • Played on: May 16, 2020, 2:46 a.m.
  • Length: 16:45
Show
View Real Time Build Order
Export as new Build Order

DukeDuck Terran - Winner!

Build Orders:  

Get SALT Encoding   

  12  0:01  SCV  
  13  0:18  SCV  
  14  0:29  Supply Depot  
  14  0:35  SCV  
  15  0:50  Refinery  
  15  0:59  SCV  
  16  1:04  Barracks  
  16  1:16  SCV  
  17  1:33  SCV  
  18  1:51  SCV  
  20  2:13  Orbital Command  
  20  2:14  Reaper  
  20  2:28  Command Center  
  20  2:45  Factory  
  20  2:55  Refinery  
  20  3:00  SCV  
  21  3:17  SCV  
  21  3:18  Marine  
  23  3:32  Supply Depot  
  23  3:54  Factory Tech Lab  
  23  3:56  Starport  
  23  4:01  Supply Depot  
  23  4:02  SCV  
  23  4:05  Barracks Tech Lab  
  24  4:10  Barracks  
  24  4:20  SCV  
  24  4:24  Orbital Command  
  25  4:37  SCV  
  26  4:41  Stimpack, Siege Tank  
  26  4:47  Starport Reactor  
  29  4:52  Siege Tank  
  29  4:54  SCV  
  30  5:08  SCV  
  31  5:11  SCV  
  31  5:13  Marine  
  33  5:25  Barracks  
  33  5:28  Barracks Tech Lab  
  33  6:01  Refinery  
  33  6:02  Refinery  
  33  6:11  SCV x2  
  33  6:13  Siege Tank  
  33  6:19  Marauder x2  
  42  6:27  Unknown  
  42  6:28  SCV x2  
  44  6:39  Siege Tank  
  44  6:44  SCV  
  44  6:45  SCV  
  44  6:48  Barracks Reactor  
  46  6:54  Medivac  
  48  7:04  Command Center  
  48  7:07  SCV x2  
  50  7:35  Siege Tank  
  53  7:42  Marine  
  53  7:48  Supply Depot  
  54  7:50  Supply Depot  
  54  7:55  Engineering Bay  
  54  8:18  Marauder, SCV x2, Medivac, Marine x2  
  62  8:29  Supply Depot  
  62  8:35  SCV x2  
  62  8:36  Siege Tank  
  67  8:56  Medivac  
  67  8:57  Marauder, Marine x2  
  67  8:58  Marauder  
  75  9:02  Engineering Bay  
  75  9:07  Supply Depot  
  75  9:13  SCV x2  
  75  9:15  Orbital Command  
  77  9:22  Marine  
  77  9:27  Terran Infantry Weapons Level 1  
  78  9:30  Marine x2  
  78  9:31  Marauder  
  82  9:45  SCV x2  
  84  10:00  Terran Infantry Armor Level 1  
  84  10:03  Sensor Tower  
  84  10:06  Armory  
  84  10:07  SCV x2  
  84  10:08  SCV  
  87  10:10  Supply Depot  
  87  10:14  Marauder, Marine x3  
  92  10:23  Siege Tank  
  101  10:40  Marine  
  101  10:43  Siege Tank x2  
  101  10:45  Refinery, SCV  
  101  10:46  SCV x2  
  105  10:53  Supply Depot  
  105  11:01  Marine x3  
  108  11:12  SCV  
  108  11:18  Refinery  
  109  11:21  Supply Depot, Terran Vehicle Weapons Level 1  
  109  11:23  SCV x2  
  109  11:26  Unknown, Marauder  
  109  11:29  Unknown  
  113  11:59  Siege Tank  
  116  12:04  Siege Tank x3  
  116  12:07  SCV x2, Factory  
  116  12:08  SCV  
  119  12:23  Supply Depot  
  119  12:24  Supply Depot  
  119  12:25  SCV  
  119  12:26  SCV  
  119  12:27  SCV, Command Center  
  119  12:28  Marine  
  119  12:29  Marine  
  124  12:34  Siege Tank  
  124  12:35  Armory, Siege Tank x3  
  124  12:38  Terran Infantry Weapons Level 2  
  124  12:42  Terran Infantry Armor Level 2, SCV  
  125  12:53  Marauder x2, Marine  
  125  12:59  SCV  
  127  13:25  Factory Tech Lab  
  127  13:27  Siege Tank  
  130  13:31  Factory  
  130  13:57  Siege Tank  
  130  13:58  Siege Tank x3  
  130  14:05  Marine  
  130  14:06  Marauder, Marine x2  
  135  14:15  Planetary Fortress  
  135  14:17  Missile Turret  
  134  14:22  SCV x3  
  134  14:23  Barracks x2  
  134  14:27  Barracks  
  137  14:30  Thor  
  137  14:31  Marauder  
  137  14:39  Marine x3  
  148  15:01  Marauder  
  148  15:04  Marauder  
  147  15:10  Siege Tank  
  147  15:13  Factory Tech Lab  
  147  15:16  Marine  
  147  15:19  Medivac  
  152  15:20  Medivac  
  154  15:31  Marauder  
  154  15:35  Supply Depot  
  154  15:36  Supply Depot  
  154  15:37  Siege Tank  
  159  15:48  Refinery x2, SCV  
  160  15:50  Siege Tank x4  
  158  16:00  Marauder, Marine  
  158  16:01  Marauder, Marine  
Show
View Real Time Build Order
Export as new Build Order

Shiro Protoss - Winner!

Build Orders:  

Get SALT Encoding   

  12  0:04  Probe (Chrono Boost)  
  14  0:21  Probe (Chrono Boost)  
  14  0:26  Pylon  
  14  0:37  Probe (Chrono Boost)  
  15  0:41  Assimilator  
  15  0:48  Probe (Chrono Boost)  
  16  1:00  Probe (Chrono Boost)  
  16  1:08  Gateway  
  17  1:15  Probe (Chrono Boost)  
  18  1:32  Probe (Chrono Boost)  
  19  1:49  Probe (Chrono Boost)  
  20  2:02  Nexus  
  20  2:18  Cybernetics Core  
  21  2:21  Probe (Chrono Boost)  
  21  2:27  Assimilator  
  21  2:38  Probe (Chrono Boost)  
  22  2:40  Pylon  
  22  2:55  Probe (Chrono Boost)  
  25  3:13  Stargate  
  25  3:21  Probe  
  26  3:37  Unknown  
  26  3:39  Probe x2 (Chrono Boost)  
  30  3:51  Probe (Chrono Boost)  
  30  3:57  Probe (Chrono Boost)  
  32  4:05  Probe (Chrono Boost)  
  32  4:08  Oracle (Chrono Boost)  
  33  4:12  Probe (Chrono Boost)  
  33  4:18  Unknown  
  33  4:19  Probe  
  37  4:26  Pylon  
  37  4:28  Probe  
  39  4:34  Gateway  
  39  4:36  Probe  
  39  4:39  Warp Gate  
  40  4:45  Probe  
  41  4:52  Phoenix (Chrono Boost)  
  41  4:53  Assimilator  
  41  4:55  Probe  
  44  5:02  Probe  
  45  5:13  Probe  
  45  5:19  Probe  
  47  5:23  Oracle (Chrono Boost)  
  47  5:26  Pylon  
  50  5:30  Probe  
  50  5:35  Robotics Facility  
  51  5:42  Probe  
  51  5:47  Probe  
  53  5:50  Assimilator  
  53  5:58  Pylon  
  53  5:59  Probe  
  54  6:04  Probe  
  54  6:06  Twilight Council  
  54  6:08  Forge  
  55  6:16  Probe  
  55  6:17  Sentry  
  58  6:21  Probe  
  59  6:33  Probe  
  59  6:36  Nexus  
  60  6:40  Pylon  
  60  6:42  Probe  
  61  6:57  Protoss Ground Weapons Level 1 (Chrono Boost)  
  63  7:15  Immortal (Chrono Boost)  
  61  7:21  Gateway  
  61  7:23  Gateway  
  61  7:28  Sentry x2  
  69  7:31  Probe x2  
  71  7:51  Gateway  
  71  7:53  Gateway  
  71  7:55  Gateway  
  71  7:57  Probe x2  
  73  8:00  Gateway  
  73  8:02  Immortal (Chrono Boost)  
  73  8:10  Charge (Chrono Boost)  
  73  8:14  Probe  
  73  8:16  Probe  
  79  8:23  Templar Archives  
  79  8:24  Probe  
  80  8:31  Probe  
  80  8:33  Probe  
  82  8:41  Probe  
  83  8:50  Immortal (Chrono Boost)  
  83  8:52  Probe x2  
  83  8:58  Probe  
  90  9:05  Pylon  
  90  9:06  Pylon  
  90  9:08  Pylon  
  90  9:11  Pylon  
  90  9:36  High Templar x3  
  90  9:37  High Templar, Zealot, Warp Prism (Chrono Boost)  
  90  9:38  Zealot x3  
  108  9:53  Assimilator  
  108  9:59  Assimilator  
  108  10:13  Pylon  
  108  10:16  Protoss Ground Weapons Level 2 (Chrono Boost), Pylon  
  108  10:22  Observer  
  108  10:23  Zealot  
  108  10:24  Zealot x6  
  108  10:25  Zealot  
  125  10:31  Archon x2  
  125  10:56  High Templar x2  
  125  10:58  Zealot x3  
  125  10:59  Zealot x3  
  141  11:14  Pylon  
  141  11:16  Pylon  
  141  11:18  Archon  
  141  11:19  Pylon  
  141  11:22  Pylon  
  141  11:41  High Templar  
  141  11:42  High Templar  
  141  11:45  Zealot x5  
  141  11:46  Zealot  
  157  12:00  Pylon  
  157  12:03  Pylon  
  157  12:05  Pylon  
  157  12:11  Pylon  
  157  12:14  Archon  
  157  12:16  High Templar  
  157  12:17  High Templar  
  157  12:18  Zealot x2  
  157  12:19  Zealot x2  
  169  12:23  Archon  
  169  12:27  Pylon  
  169  12:29  Pylon  
  169  12:34  Forge  
  169  12:40  Observer  
  170  12:53  Zealot x5  
  170  12:54  Zealot  
  163  13:27  Psionic Storm  
  163  13:33  High Templar  
  163  13:34  High Templar x2  
  163  13:35  Zealot  
  163  13:36  Zealot x4  
  179  13:48  Unknown  
  169  14:08  Unknown  
  169  14:10  Archon  
  169  14:18  Zealot x2  
  169  14:19  Zealot x5  
  181  14:20  Zealot  
  181  14:50  High Templar x4  
  187  15:03  Archon  
  187  15:04  Archon  
  185  15:23  Zealot x4  
  190  15:51  Robotics Bay  
  190  15:54  Gateway  
  190  15:58  Gateway  
  190  16:00  Gateway  
  190  16:03  Gateway  
  190  16:07  Nexus  
  190  16:08  Zealot x3  
  190  16:09  Zealot x2  
  200  16:10  Pylon  
  200  16:13  Pylon  
  200  16:17  Assimilator  
  200  16:24  Assimilator  
Tags
 
Add a new tag
Caveats
  • Supply blocks, unpowered buildings, or Contaminate may cause inaccurate times.
  • Supply counts are checked every 10 seconds.